 Dungeon Crawl Stone Soup version 0.31-a0-1009-g454b1f1e0a (webtiles) character file.

Game seed: 5670390905801890554

8887 Queen the Thaumaturge (level 11, -5/68 HPs)
             Began as a Mummy Necromancer on Nov 16, 2023.
             Was an Elder of Kikubaaqudgha.
             Slain by a gargoyle
             ... wielding a +0 flail
              (18 damage)
             ... on level 10 of the Dungeon.
             The game lasted 00:51:13 (12596 turns).

Queen the Thaumaturge (Mummy Necromancer)          Turns: 12596, Time: 00:51:14

Health: -5/68      AC:  6    Str: 11    XL:     11   Next: 15%
Magic:  16/27      EV: 13    Int: 20    God:    Kikubaaqudgha [****..]
Gold:   489        SH:  0    Dex: 12    Spells: 7/35 levels left

rFire   . . .        a - +5 scythe (pain)
rCold   + . .        (shield currently unavailable)
rNeg    + + +        k - +2 leather armour {rF+}
rPois   ∞            h - +0 helmet
rElec   .            (no cloak)
rCorr   .            (no gloves)
SInv    .            (no boots)
Will    +....        q - amulet of the acrobat
Stlth   +++          f - ring of wizardry
HPRegen 0.31/turn    p - ring of flight
MPRegen 0.20/turn

%: acrobat, faith, wizardry (x1)
@: about to teleport, flying
A: cold resistance 1, negative energy resistance 3, torment resistance 2, heat
vulnerability 1, in touch with death 1, no potions, faith
a: Renounce Religion, Unearth Wretches


You were on level 10 of the Dungeon.
You worshipped Kikubaaqudgha.
Kikubaaqudgha was greatly pleased with you.
You visited 1 branch of the dungeon, and saw 10 of its levels.

You collected 489 gold pieces.

Inventory:

Hand Weapons
 a - a +5 scythe of pain (weapon)
Missiles
 c - a throwing net
Armour
 h - a +0 helmet (worn)
 k - a +2 leather armour of fire resistance (worn)
Magical Staves
 d - a staff of cold
Jewellery
 f - a ring of wizardry (left hand)
 p - a ring of flight (right hand)
 q - an amulet of the acrobat (around neck)
Wands
 e - a wand of iceblast (25)
 n - a wand of digging (6)
 o - a wand of mindburst (22)
 r - a wand of flame (15)
 t - a wand of charming (7)
Scrolls
 b - a scroll of vulnerability
 g - 3 scrolls of identify {@r1}
 i - 5 scrolls of enchant armour
 j - a scroll of brand weapon
 l - 3 scrolls of poison
 m - a scroll of immolation
 s - a scroll of fog


   Skills:
 + Level 5.9 Dodging
 + Level 6.4 Stealth
 * Level 12.5 Spellcasting
 * Level 11.1 Necromancy


You had 7 spell levels left.
You knew the following spells:

 Your Spells              Type           Power      Damage    Failure   Level
a - Animate Dead          Necr           72%        N/A       1%          4
c - Borgnjor's Vile Clut  Necr/Erth      25%        N/A       9%          5
d - Vampiric Draining     Necr           72%        2d11      1%          3
e - Agony                 Necr           72%        N/A       1%          5
f - Necrotise             Necr           100%       1d9       1%          1
g - Frozen Ramparts       Ice            24%        1d4       9%          3
k - Kiss of Death         Conj/Necr      100%       2d13      1%          1
r - Cigotuvi's Dreadful   Necr/Pois/Air  82%        N/A       1%          2
s - Anguish               Hex/Necr       25%        N/A       2%          4

Your spell library contained the following spells:

 Spells                   Type           Power      Damage    Failure   Level
 Summon Guardian Golem    Hex/Summ       12%        N/A       9%          3
 Olgreb's Toxic Radiance  Pois           12%        N/A       26%         4
 Petrify                  Tmut/Erth      12%        N/A       26%         4
 Simulacrum               Ice/Necr       25%        N/A       38%         6
 Metabolic Englaciation   Hex/Ice        6%         N/A       58%         5
 Orb of Destruction       Conj           6%         9d6       100%        7
 Spellforged Servitor     Conj/Summ      6%         N/A       100%        7
 Discord                  Hex            6%         N/A       100%        8
 Ignition                 Fire           6%         3d4       100%        8


Dungeon Overview and Level Annotations

Branches:
Dungeon (10/15)            Temple (0/1) D:7            Lair (0/5) D:10
    Orc (0/2) D:10

Altars:
Ashenzari
Cheibriados
Dithmenos
Hepliaklqana
Kikubaaqudgha
Makhleb
Okawaru
Qazlal
Sif Muna
Trog
Wu Jian
Xom
Yredelemnul

Shops:
D:1 (   D:9 :

Annotations:
D:4 Menkaure
D:5 exclusion: ice beast
D:6 Jeremiah


Innate Abilities, Weirdness & Mutations

You are immune to poison.
Your flesh is cold resistant. (rC+)
You are immune to negative energy. (rN+++)
You are immune to unholy pain and torment.
You are vulnerable to heat. (rF-)
You are in touch with the powers of death.
You do not drink.
You have a special connection with the divine. (Faith)


Message History

You take 1 damage, and have 67/68 hp.
You now have 20/27 mp.
Casting: Vampiric Draining (safe; 1% risk of failure)
Confirm with . or Enter, or press ? or * to list all spells.
Aiming: Vampiric Draining (safe; 1% risk of failure)
Press: ? - help, Shift-Dir - straight line, f/p - cyclops
Aim: a cyclops, quivering large rocks (severely wounded)
You feel a surge of power!
You draw life force from the cyclops!
You feel life coursing into your body. The cyclops hits you!!
You take 19 damage, and have 48/68 hp.
MASSIVE DAMAGE!!
You now have 18/27 mp.
Casting: Vampiric Draining (safe; 1% risk of failure)
Confirm with . or Enter, or press ? or * to list all spells.
Aiming: Vampiric Draining (safe; 1% risk of failure)
Press: ? - help, Shift-Dir - straight line, f/p - cyclops
Aim: a cyclops, quivering large rocks (almost dead)
You feel a surge of power!
You draw life force from the cyclops.
You kill the cyclops!
Kikubaaqudgha accepts your kill.
You feel life coursing into your body.
The gargoyle hurls a stone arrow at you.
The stone arrow hits you!!
You take 24 damage, and have 24/68 hp.
MASSIVE DAMAGE!!
You now have 15/27 mp.
You hit the gargoyle but do no damage.
The gargoyle is severely damaged.
The gargoyle barely misses you. The gargoyle closely misses you.
As you read the scroll of teleportation, it crumbles to dust.
You feel strangely unstable.
The gargoyle hurls a stone arrow at you.
The stone arrow hits you!
* * * LOW HITPOINT WARNING * * *
You take 10 damage, and have 15/68 hp.
You hit the gargoyle.
The gargoyle is severely damaged.
The gargoyle hits you with a +0 flail.
* * * LOW HITPOINT WARNING * * *
You take 3 damage, and have 12/68 hp.
You hit the gargoyle but do no damage.
The gargoyle is severely damaged.
The gargoyle closely misses you. The gargoyle hits you with a +0 flail!!
You die...
Kikubaaqudgha rasps: "You have failed me!
Welcome... oblivion!"

........>........##.#
#...............##.###
#..C..................
.##.............####.###
9...............#....#
....####...).#..#.#### .
#.#..#####.#
###(.).......#
#.@9..#.)#####
#.######[.# #.####
##.#### #[...# #....##
#######Y## ####(.#####
#...)..Y.# #.......
#......Y(# #.......
#.....Y..# #.Z.....
+.....)..### #.......


You could see a gargoyle.

Vanquished Creatures
  A boulder beetle (D:9)
  A manticore (D:9)
  A cyclops (D:10)
  An elephant (D:10)
  A kobold demonologist (D:8)
  A hornet (D:8)
  Sigmund (D:6)
  A wyvern (D:10)
  14 yaks
  2 basilisks (D:10)
  A steam dragon (D:7)
  Edmund (D:6)
  3 water moccasins
  2 black bears
  An ice beast (D:4)
  2 orc warriors (D:10)
  2 sky beasts (D:7)
  2 ogres
  A centaur (D:9)
  2 phantoms
  7 kobold brigands
  A bullfrog (D:6)
  2 gnoll sergeants
  3 scorpions
  3 killer bees (D:8)
  6 howler monkeys
  2 centaur zombies (D:6)
  3 hounds
  2 jellies
  2 orc priests
  3 sleepcaps
  2 iguanas
  2 scorpion zombies (D:6)
  7 orc wizards
  A killer bee zombie (D:6)
  An ogre zombie (D:6)
  A hound zombie (D:6)
  Robin (D:2)
  6 gnolls
  8 adders
  3 white imps
  2 worms
  A dart slug (D:1)
  28 orcs
  3 bats
  7 endoplasms
  4 giant cockroaches
  15 goblins
  7 hobgoblins
  10 jackals
  3 quokkas
  5 ball pythons
  4 frilled lizards
  24 kobolds
  8 rats
228 creatures vanquished.

Vanquished Creatures (collateral kills)
  2 yaks (D:8)
  An ogre (D:5)
  A gnoll (D:5)
  An adder (D:4)
  2 orcs
  2 goblins (D:1)
  7 kobolds
16 creatures vanquished.

Vanquished Creatures (others)
  A yak zombie (D:8)
  A howler monkey zombie (D:8)
  3 gnoll zombies (D:7)
  8 kobold zombies
  6 orc zombies
19 creatures vanquished.

Grand Total: 263 creatures vanquished

Notes
Turn   | Place    | Note
-------+----------+-------------------------------------------
     0 | D:1      | Queen the Mummy Necromancer began the quest for the Orb.
     0 | D:1      | Reached XP level 1. HP: 13/13 MP: 4/4
    71 | D:1      | Reached skill level 3 in Spellcasting
   179 | D:1      | Reached XP level 2. HP: 19/19 MP: 4/6
   440 | D:1      | Reached XP level 3. HP: 22/24 MP: 5/8
   488 | D:1      | Learned a level 3 spell: Vampiric Draining
   889 | D:1      | Found Apsecix's Weapon Emporium.
  1238 | D:2      | Reached skill level 4 in Spellcasting
  1503 | D:2      | Reached XP level 4. HP: 30/30 MP: 7/10
  1775 | D:2      | Noticed Robin
  1778 | D:2      | Killed Robin
  2033 | D:3      | Learned a level 4 spell: Animate Dead
  2259 | D:3      | Reached skill level 5 in Necromancy
  2597 | D:3      | Found a shadowy altar of Dithmenos.
  3370 | D:4      | Noticed a scorpion
  3375 | D:4      | Killed a scorpion
  3376 | D:4      | Reached XP level 5. HP: 35/35 MP: 1/12
  3484 | D:4      | Reached skill level 5 in Spellcasting
  3929 | D:4      | Reached XP level 6. HP: 41/41 MP: 8/13
  3992 | D:4      | Noticed an ice beast
  3998 | D:4      | Killed an ice beast
  4074 | D:4      | Noticed Menkaure
  4500 | D:4      | Reached skill level 6 in Spellcasting
  4698 | D:5      | Entered Level 5 of the Dungeon
  4763 | D:4      | Learned a level 5 spell: Agony
  4788 | D:5      | Reached XP level 7. HP: 46/46 MP: 4/16
  4884 | D:5      | Found a basalt altar of Yredelemnul.
  5349 | D:5      | Found a hazy altar of Hepliaklqana.
  5367 | D:5      | Reached skill level 7 in Spellcasting
  5636 | D:5      | Reached XP level 8. HP: 48/52 MP: 12/18
  6036 | D:5      | Found a shimmering altar of Xom.
  6201 | D:6      | Noticed Sigmund
  6207 | D:6      | Killed Sigmund
  6208 | D:6      | Reached skill level 8 in Spellcasting
  6336 | D:6      | Noticed Jeremiah
  6381 | D:6      | Noticed Edmund
  6388 | D:6      | Killed Edmund
  6521 | D:6      | Found an ancient bone altar of Kikubaaqudgha.
  6527 | D:6      | Became a worshipper of Kikubaaqudgha
  6685 | D:6      | Noticed a flying skull
  6747 | D:6      | Found an ancient bone altar of Kikubaaqudgha.
  6815 | D:6      | Reached XP level 9. HP: 57/57 MP: 8/21
  6921 | D:6      | Found an ornate altar of the Wu Jian Council.
  6983 | D:6      | Reached skill level 9 in Spellcasting
  7003 | D:6      | Reached * piety under Kikubaaqudgha
  7003 | D:6      | Received a gift from Kikubaaqudgha
  7006 | D:6      | Learned a level 1 spell: Kiss of Death
  7009 | D:6      | Learned a level 2 spell: Cigotuvi's Dreadful Rot
  7207 | D:7      | Identified the of Tyanunn
  7207 | D:7      | Identified the of Degaddeha
  7207 | D:7      | Identified the "Gyckuusm"
  7208 | D:7      | Found a staircase to the Ecumenical Temple.
  7393 | D:7      | Learned a level 3 spell: Frozen Ramparts
  7783 | D:7      | Found a snail-covered altar of Cheibriados.
  7926 | D:7      | Found a burning altar of Makhleb.
  8114 | D:7      | Found an iron altar of Okawaru.
  8204 | D:7      | Found a broken altar of Ashenzari.
  8297 | D:7      | Found a shimmering blue altar of Sif Muna.
  8428 | D:8      | Reached ** piety under Kikubaaqudgha
  8450 | D:8      | Reached skill level 5 in Stealth
  8450 | D:8      | Reached skill level 10 in Spellcasting
  9303 | D:8      | Found a stormy altar of Qazlal.
  9331 | D:9      | Noticed a boulder beetle
  9331 | D:9      | Noticed a kobold demonologist
  9546 | D:8      | Reached XP level 10. HP: 49/63 MP: 3/24
  9761 | D:8      | Reached skill level 5 in Dodging
  9765 | D:8      | Reached *** piety under Kikubaaqudgha
  9765 | D:8      | Received a gift from Kikubaaqudgha
  9854 | D:8      | Learned a level 5 spell: Borgnjor's Vile Clutch
  9998 | D:8      | Reached skill level 11 in Spellcasting
 10001 | D:8      | Reached skill level 10 in Necromancy
 10835 | D:9      | Found a bloodstained altar of Trog.
 10944 | D:8      | Learned a level 4 spell: Anguish
 11190 | D:9      | Noticed a manticore
 11204 | D:9      | Killed a manticore
 11205 | D:9      | Reached skill level 12 in Spellcasting
 11294 | D:9      | Found Nocub Obukhe's Book Emporium.
 11609 | D:9      | Killed a boulder beetle
 11779 | D:10     | Entered Level 10 of the Dungeon
 12004 | D:10     | Noticed a cyclops
 12055 | D:10     | Reached XP level 11. HP: 54/68 MP: 1/27
 12274 | D:10     | Found a staircase to the Orcish Mines.
 12407 | D:10     | Found a staircase to the Lair.
 12409 | D:10     | Reached **** piety under Kikubaaqudgha
 12596 | D:10     | Slain by a gargoyle

Illustrated notes

Levels and vault maps discovered:
D:1:      dpeg_arrival_shelter, layout_loops_ring, serial_shops,
          nicolae_shop_hallway_plus
D:2:      layout_basic, basic_altar, serial_bayou_pond_a, uniq_robin
D:3:      layout_basic, lemuel_doored_altar, dk_noncrumbling_2
D:4:      layout_basic, minmay_fractal_squares_diagonal_5, uniq_menkaure
D:5:      layout_basic, mainiacjoe_overflow_chevrons, elyvilon_altar_3,
          mainiacjoe_overflow_six_doors_small,
          mainiacjoe_overflow_small_starburst
D:6:      layout_loops_ring, lemuel_tele_altar, zin_academy,
          kiku_gazebo_pond_becter, gammafunk_ghost_smash,
          roadster_capsule_ark_zombie, uniq_jeremiah, uniq_sigmund,
          uniq_blork_the_orc, uniq_edmund
D:7:      layout_rooms, old_standard_altar, kennysheep_okawaru_gauntlet,
          ashenzari_altar_1, mainiacjoe_overflow_cross_hatched,
          nicolae_sif_muna_little_library, minmay_temple_entry_statues
D:8:      layout_loops_ring, kennysheep_mini_moat
D:9:      layout_big_octagon, nicolae_overflow_hidden_temple,
          serial_column_ruins, column_ruins_hut_pillars, column_ruins_hut,
          column_ruins_columns_T, column_ruins_columns_straight,
          column_ruins_open_large, serial_shops, nicolae_shop_window_shopping
D:10:     layout_basic, david_lair_generic, david_orc_3

Skill      XL: |  1  2  3  4  5  6  7  8  9 10 11 |
---------------+----------------------------------+-----
Spellcasting   | 3 4 5 6 7 8 10 12 | 12.5
Necromancy     | 5 6 7 8 9 10 11 | 11.1
Dodging        | 2 3 4 5 |  5.9
Stealth        | 2 3 4 5 6 |  6.4

Action                     |  1- 3 |  4- 6 |  7- 9 | 10-12 || total
---------------------------+-------+-------+-------+-------++-------
  Melee: Unarmed           |    15 |       |       |       ||    15
         Short sword       |     4 |    50 |    28 |       ||    82
         Halberd           |       |       |    71 |    29 ||   100
   Cast: Necrotise         |    62 |    90 |   205 |    70 ||   427
         Vampiric Draining |       |    14 |    64 |    72 ||   150
         Animate Dead      |       |     1 |     5 |     8 ||    14
         Borgnjor's Vile C |       |       |       |     4 ||     4
         Frozen Ramparts   |       |       |       |     2 ||     2
  Evoke: Wand              |       |       |     1 |       ||     1
    Use: Scroll            |       |       |     8 |     8 ||    16
 Armour: Robe              |    13 |     6 |       |       ||    19
         Leather armour    |       |    39 |   169 |   118 ||   326
  Dodge: Dodged            |    21 |    50 |   176 |    74 ||   321

Table legend: (Time is in decaauts)
 A = Elapsed time spent in this place.
 B = Non-inter-level travel time spent in this place.
 C = Inter-level travel time spent in this place.
 D = Time resting spent in this place.
 E = Time spent auto-exploring this place.
 F = Levels seen in this place.
 G = Mean time per level.
                   A        B        C        D        E       F      G
               +--------+--------+--------+--------+--------+-----+--------+
         Total |  12659 |  11980 |    679 |   4079 |   5631 |  10 | 1265.9 |
       Dungeon |  12659 |  11980 |    679 |   4079 |   5631 |  10 | 1265.9 |
               +--------+--------+--------+--------+--------+-----+--------+

Top non-repeatable levels by time:
     D:8: 2234 daAuts
     D:5: 1547 daAuts
     D:4: 1412 daAuts
     D:7: 1328 daAuts
     D:3: 1324 daAuts
     D:9: 1179 daAuts
     D:2: 1115 daAuts
     D:6: 928 daAuts
     D:1: 906 daAuts
    D:10: 683 daAuts
